 Dungeon Crawl Stone Soup version 0.28.0-62-gf88900778d (webtiles) character file.

Game seed: 7964153149688788332

10093 cbfl8 the Cleaver (level 11, -2/95 HPs)
             Began as a Hill Orc Fighter on May 26, 2023.
             Was a Believer of Beogh.
             Killed from afar by a starcursed mass (6 damage)
             ... with an accursed screaming
             ... on level 3 of the Abyss on May 27, 2023.
             The game lasted 00:17:05 (12036 turns).

cbfl8 the Cleaver (Hill Orc Fighter)               Turns: 12036, Time: 00:17:06

Health: -2/95      AC: 17    Str: 21 (22) XL:     11   Next: 56%
Magic:  21/21      EV:  9    Int: 11 (13) God:    Beogh [**....]
Gold:   555        SH: 10    Dex: 12      Spells: 10/10 levels left

rFire   + . .      SeeInvis .   g - +3 war axe
rCold   . . .      Faith    .   c - +0 buckler
rNeg    . . .      Spirit   .   C - +2 chain mail {rF+}
rPois   +          Reflect  +   x - +3 hat of Pondering {ponderous, Will+ MP+10 Int+5}
rElec   .          Harm     .   (no cloak)
rCorr   .          Rampage  .   (no gloves)
Will    +....                   v - +0 pair of boots
Stlth   ..........              a - amulet of reflection
HPRegen 0.25/turn               m - ring of poison resistance
MPRegen 0.17/turn               (no ring)

@: slow
A: no striking features
a: Renounce Religion, Smiting


You were on level 3 of the Abyss.
You worshipped Beogh.
Beogh was pleased with you.
You visited 1 branch of the dungeon, and saw 10 of its levels.
You visited the Abyss 1 time.

You collected 555 gold pieces.

Inventory:

Hand Weapons
 g - a +3 war axe (weapon)
 B - a +0 war axe of flaming
Armour
 c - a +0 buckler (worn)
 v - a +0 pair of boots (worn)
 x - the +3 hat of Pondering (worn) {ponderous, Will+ MP+10 Int+5}
   (You took it off Gastronok on level 10 of the Dungeon)

   Int:       It affects your intelligence (+5).
   MP:        It affects your magic capacity (+10).
   Will:      It increases your willpower.
 C - a +2 chain mail of fire resistance (worn)
Jewellery
 a - an amulet of reflection (around neck)
 m - a ring of poison resistance (left hand)
Wands
 r - a wand of iceblast (1)
 y - a wand of polymorph (4) (quivered)
Scrolls
 b - a scroll of enchant armour {unknown}
 f - 2 scrolls of magic mapping
 j - a scroll of fog
 k - 2 scrolls of fear {unknown}
 l - a scroll of immolation {unknown}
 w - a scroll of holy word
 A - 3 scrolls of enchant weapon
Potions
 d - a potion of heal wounds {unknown}
 e - 2 potions of attraction
 i - a potion of lignification
 o - 2 potions of haste
 p - a potion of flight
 u - 2 potions of degeneration
 z - a potion of mutation {unknown}


   Skills:
 + Level 8.5 Fighting
 + Level 13.0 Axes
 + Level 8.9 Armour
 + Level 3.9 Dodging
 + Level 1.3 Stealth
 + Level 7.0 Shields
 * Level 8.2 Evocations


You had 10 spell levels left.
You didn't know any spells.
Your spell library contained the following spells:

 Spells                   Type           Power      Damage    Failure   Level
 Magic Dart               Conj           0%         1d3       97%         1
 Call Imp                 Summ           0%         N/A       99%         2
 Dazzling Flash           Conj/Hex       0%         N/A       100%        3
 Mephitic Cloud           Conj/Pois/Air  0%         N/A       100%        3
 Agony                    Necr           0%         N/A       100%        5
 Silence                  Hex/Air        0%         N/A       100%        5


Dungeon Overview and Level Annotations

Branches:
Dungeon (10/15)            Temple (0/1) D:4            Lair (0/6) D:10
    Orc: D:9-12

Altars:
Cheibriados
Gozag
Makhleb
Ru
Sif Muna
The Shining One

Shops:
D:1 (

Annotations:
D:2 1 runed translucent door, Crazy Yiuf
D:9 4 runed translucent doors


Message History

Aiming: Iceblast
Press: ? - help, Q - select action, (/) - cycle Shift-Dir - straight line, f/p - small abomination
Aim: a small abomination (translocational energy, moderately damaged)
The mass of ice explodes!
The iceblast engulfs the small abomination!
The small abomination is severely damaged.
Unknown command.
Aiming: Iceblast
Press: ? - help, Q - select action, (/) - cycle Shift-Dir - straight line, f/p - small abomination
Aim: a small abomination (severely damaged)
The mass of ice explodes!
The iceblast engulfs the small abomination!!
You destroy the small abomination!
That felt strangely unrewarding.
You start resting.
Magic restored.
Okay, then.
A tentacled starspawn comes into view.
You can't see any enemies this would affect, really read the scroll of holy word?
Okay, then.
Aiming: Polymorph
Press: ? - help, Q - select action, (/) - cycle Shift-Dir - straight line, f - tentacled starspawn
Aim: a tentacled starspawn (not susceptible)
Okay, then.
Tentacles burst from the starspawn's body! 2 starspawn tentacles come into view.
A starcursed mass splits.
A starcursed mass splits. x2; The starspawn tentacle grabs you.
The starspawn tentacle constricts you.
* * * LOW HITPOINT WARNING * * *
You escape the starspawn tentacle's grasp.
A starcursed mass splits.
A deafening chorus of shrieks assaults your mind!
* * * LOW HITPOINT WARNING * * *
A starcursed mass splits.
Found an ancient bone altar of Kikubaaqudgha.
The starcursed mass shrieks in your mind.
* * * LOW HITPOINT WARNING * * *
A chorus of shrieks assaults your mind.
You die...

..##.#.#.#......#
#.#.. .#..##...#
#...#..#..##..###
#....#.#..#...#.# .
..._#...##...## ##..
#.
###........#.#§#§...
#..#.....W..X##.. ..
..
#..........X#....#..
. .#...@.....#...#.#
...
#..##..#...#.####X#..
##..######....#Λ#.'
.##. #.X.X..\.. .. ##
# XX.# >. ... #..XX
.. . #... #.w .#w .#
.##. # .. #│... #...
V##..


You could see 2 starcursed masses and a wraith.

Vanquished Creatures
  Gastronok (D:10)
  Harold (D:8)
  A two-headed ogre (D:10)
  A centaur warrior (D:10)
  A deep elf pyromancer (D:10)
  Pikel (D:4)
  Joseph (D:7)
  Maggie (D:7)
  Grinder (D:3)
  A shadow (D:9)
  2 wyverns
  Sigmund (D:2)
  4 yaks
  3 vampire mosquitoes
  2 steam dragons
  A warg (D:10)
  A water moccasin (D:7)
  Duvessa (D:7)
  4 orc warriors
  A sky beast (D:6)
  An ice beast (D:6)
  3 centaurs
  3 ogres
  3 necrophages
  Blork the orc (D:5)
  A kobold brigand (D:4)
  2 gnoll sergeants
  4 scorpions
  2 bullfrogs
  3 water moccasin skeletons
  4 killer bees (D:9)
  Dowan (D:7)
  4 wights (D:8)
  A small abomination (Abyss:3)
  A crimson imp (D:6)
  A bullfrog zombie (D:6)
  A hound (D:5)
  5 orc priests
  A jelly (D:6)
  2 centaur zombies
  A gnoll shaman (D:9)
  2 centaur skeletons
  2 iguanas (D:6)
  Natasha (thrice) (D:2)
  A scorpion zombie (D:5)
  8 orc wizards
  A hound zombie (D:5)
  A hound skeleton (D:4)
  2 howler monkey zombies
  Robin (D:3)
  14 gnolls
  A howler monkey skeleton (D:2)
  6 adders
  A shadow imp (D:5)
  4 worms
  3 dart slugs
  18 orcs
  2 bats
  2 endoplasms
  2 giant cockroaches
  4 hobgoblins
  12 jackals
  6 quokkas
  9 ball pythons
  A frilled lizard (D:3)
  10 goblins
  6 kobolds
  2 rats
199 creatures vanquished.

Vanquished Creatures (collateral kills)
  A gnoll (D:5)
  An ufetubus (D:5)
  2 orcs (D:5)
4 creatures vanquished.

Vanquished Creatures (others)
  An orc priest (D:4)
  A white imp (D:8)
  3 orcs (D:4)
  A goblin (D:4)
  A quokka (D:4)
  7 fungi (D:8)
  A plant (D:4)
  2 starspawn tentacles (Abyss:3)
17 creatures vanquished.

Grand Total: 220 creatures vanquished

Notes
Turn   | Place    | Note
-------+----------+-------------------------------------------
     0 | D:1      | cbfl8 the Hill Orc Fighter began the quest for the Orb.
     0 | D:1      | Reached XP level 1. HP: 19/19 MP: 1/1
     7 | D:1      | Found Otsas's Antique Weapon Shoppe.
   226 | D:1      | Reached XP level 2. HP: 25/27 MP: 2/2
   564 | D:2      | Noticed Sigmund
   575 | D:2      | Killed Sigmund
   576 | D:2      | Reached skill level 4 in Axes
   576 | D:2      | Reached XP level 3. HP: 9/34 MP: 3/3
   576 | D:2      | Reached XP level 4. HP: 11/41 MP: 4/4
   576 | D:2      | Reached XP level 5. HP: 13/47 MP: 5/5
   939 | D:2      | Noticed Natasha
   949 | D:2      | Killed Natasha
  1113 | D:2      | Found a faded altar of an unknown god.
  1281 | D:2      | Found a runed translucent door.
  1282 | D:2      | Noticed Crazy Yiuf
  1364 | D:2      | Noticed Natasha
  1370 | D:2      | Killed Natasha
  1371 | D:2      | Reached XP level 6. HP: 47/53 MP: 6/6
  1484 | D:2      | Noticed Natasha
  1494 | D:2      | Killed Natasha
  1932 | D:3      | Noticed Grinder
  1934 | D:3      | Paralysed by Grinder for 4 turns
  1945 | D:3      | Paralysed by Grinder for 4 turns
  1950 | D:3      | Killed Grinder
  1951 | D:3      | Reached skill level 5 in Axes
  1951 | D:3      | Reached XP level 7. HP: 41/60 MP: 7/7
  2403 | D:3      | Noticed Robin
  2413 | D:3      | Killed Robin
  2414 | D:3      | Reached skill level 1 in Dodging
  2650 | D:4      | Became a worshipper of Beogh the Brigand
  2832 | D:4      | Found a staircase to the Ecumenical Temple.
  2870 | D:4      | Reached skill level 5 in Fighting
  2870 | D:4      | Reached skill level 6 in Axes
  3275 | D:4      | Reached XP level 8. HP: 64/68 MP: 8/8
  3507 | D:4      | Found a sacrificial altar of Ru.
  3552 | D:4      | Noticed Pikel
  3594 | D:4      | Killed Pikel
  3595 | D:4      | Reached skill level 7 in Axes
  3595 | D:4      | Reached skill level 5 in Armour
  3595 | D:4      | Reached skill level 5 in Shields
  3947 | D:4      | Found a glowing golden altar of the Shining One.
  4034 | D:5      | Entered Level 5 of the Dungeon
  4062 | D:5      | Reached skill level 8 in Axes
  4065 | D:5      | Reached * piety under Beogh
  4828 | D:5      | Reached skill level 5 in Evocations
  4828 | D:5      | Reached XP level 9. HP: 59/75 MP: 9/9
  5194 | D:5      | Noticed Blork the orc
  5349 | D:5      | Found a shimmering blue altar of Sif Muna.
  5651 | D:5      | Killed Blork the orc
  6176 | D:6      | Reached skill level 9 in Axes
  6440 | D:6      | Found a burning altar of Makhleb.
  7336 | D:7      | Found a snail-covered altar of Cheibriados.
  7366 | D:7      | Reached skill level 10 in Axes
  7367 | D:7      | Noticed Duvessa
  7371 | D:7      | Noticed Dowan
  7375 | D:7      | Reached skill level 1 in Stealth
  7379 | D:7      | Killed Duvessa
  7387 | D:7      | Killed Dowan
  7474 | D:7      | Reached ** piety under Beogh
  7485 | D:7      | Noticed Joseph
  7498 | D:7      | Killed Joseph
  7499 | D:7      | Reached XP level 10. HP: 63/86 MP: 10/10
  7801 | D:7      | Reached skill level 11 in Axes
  8248 | D:7      | Noticed Maggie
  8260 | D:7      | Killed Maggie
  8619 | D:8      | Found an opulent altar of Gozag.
  9045 | D:8      | Noticed Harold
  9058 | D:8      | Killed Harold
 10229 | D:9      | Reached skill level 12 in Axes
 10311 | D:9      | Reached XP level 11. HP: 94/94 MP: 11/11
 10425 | D:9      | Found a huge runed translucent gate.
 10425 | D:9      | Found a huge runed translucent gate.
 10425 | D:9      | Found a huge runed translucent gate.
 10425 | D:9      | Found a huge runed translucent gate.
 10795 | D:10     | Entered Level 10 of the Dungeon
 10810 | D:10     | Noticed a two-headed ogre
 10820 | D:10     | Killed a two-headed ogre
 11158 | D:10     | Noticed a centaur warrior
 11168 | D:10     | Killed a centaur warrior
 11272 | D:10     | Noticed a deep elf pyromancer
 11272 | D:10     | Noticed a deep elf pyromancer
 11273 | D:10     | Paralysed by a hornet for 1 turns
 11409 | D:10     | Noticed Gastronok
 11430 | D:10     | HP: 2/94 [Gastronok/the air (14)]
 11438 | D:10     | Killed Gastronok
 11832 | D:10     | Killed a deep elf pyromancer
 11833 | D:10     | Reached skill level 13 in Axes
 11902 | D:10     | Noticed a cyan ugly thing
 11920 | D:10     | Found a staircase to the Lair.
 11955 | D:10     | Noticed a two-headed ogre
 11956 | D:10     | Noticed an eight-headed hydra
 11977 | D:10     | Noticed an ogre mage
 11979 | D:10     | Noticed a deep elf pyromancer
 11980 | D:10     | Noticed a wizard
 11986 | D:10     | Cast into level 3 of the Abyss (a wizard)
 12018 | Abyss:3  | Noticed a tentacled starspawn
 12022 | Abyss:3  | Noticed a starcursed mass
 12029 | Abyss:3  | Found an ancient bone altar of Kikubaaqudgha.
 12034 | Abyss:3  | HP: 4/95 [starcursed mass/accursed screaming (7)]
 12036 | Abyss:3  | Killed from afar by a starcursed mass

Illustrated notes

Levels and vault maps discovered:
D:1:      mrwooster_arrival_statue, layout_rooms, serial_shops, shop
D:2:      layout_rooms, nicolae_ecumenical_oubliette, uniq_sigmund,
          uniq_natasha, uniq_crazy_yiuf_cottage
D:3:      layout_loops_ring, uniq_robin, uniq_grinder
D:4:      layout_rooms, tso_oasis_becter, mainiacjoe_overflow_surrounded_room,
          minmay_temple_entry_drinking_statues, uniq_pikel
D:5:      layout_cave_pools, mainiacjoe_overflow_small_starburst,
          portal_sewer_entry_d, uniq_blork_the_orc
D:6:      layout_basic, makhleb_grotto_becter, minmay_misc_feat_roman,
          kennysheep_generic_room_12
D:7:      layout_rooms, slow_altar_1, uniq_duvessa, uniq_maggie, uniq_joseph
D:8:      layout_basic, old_standard_altar, fungi_pond_lemuel, uniq_harold
D:9:      lemuel_bear_cage, layout_grid_maze
D:10:     minmay_the_grid_3x2 [minmay_the_grid_tri_star, minmay_the_grid_empty,
          minmay_the_grid_paths, minmay_the_grid_doors,
          minmay_the_grid_spin_star, minmay_the_grid_prize_four_corners],
          layout_rooms, nicolae_overflow_hidden_temple, kennysheep_mini_moat,
          okawaru_altar_gauntlet_db, erik_lair_orcish_takeover, st_stairs_10,
          hangedman_decor_points, uniq_gastronok, uniq_grum
Abyss:3:  base: D:7, minivault_5, grunt_abyss_rune_wretched_hive,
          eino_small_chamber_without_monster

Skill      XL: |  1  2  3  4  5  6  7  8  9 10 11 |
---------------+----------------------------------+-----
Fighting       | 4 5 7 8 |  8.5
Axes           | 4 5 6 8 10 12 13 | 13.0
Armour         | 4 5 7 8 |  8.9
Evocations     | 2 3 5 6 7 8 |  8.2
Shields        | 4 5 6 7 |  7.0
Dodging        | 1 2 3 |  3.9
Stealth        | 1 |  1.3

Action                   |  1- 3 |  4- 6 |  7- 9 | 10-12 || total
-------------------------+-------+-------+-------+-------++-------
Melee: War axe           |    42 |    93 |   392 |   278 ||   805
Invok: Convert to Beogh  |       |       |     1 |       ||     1
       Smiting           |       |       |       |     1 ||     1
Evoke: Wand              |       |       |       |    22 ||    22
  Use: Potion            |     1 |       |     1 |    11 ||    13
       Scroll            |       |       |     5 |     8 ||    13
Armor: Scale mail        |    17 |    39 |   181 |    45 ||   282
       Chain mail        |       |       |       |    73 ||    73
       Skin              |       |       |       |     3 ||     3
Dodge: Dodged            |    25 |    46 |   235 |   132 ||   438
Block: Buckler           |    11 |    21 |   111 |   145 ||   288
       Reflection        |       |       |     2 |     2 ||     4
